 Dungeon Crawl Stone Soup version 0.27.1-33-g824d729ab1 (webtiles) character file.

Game seed: 11329874298438034849

865 styxcanada the Covert (level 7, -5/36 HPs)
             Began as a Spriggan Brigand on Dec 2, 2021.
             Slain by an ogre (28 damage)
             ... on level 5 of the Dungeon.
             The game lasted 00:25:19 (5336 turns).

styxcanada the Covert (Spriggan Brigand)            Turns: 5336, Time: 00:25:20

Health: -5/36      AC:  5    Str:  7    XL:     7   Next: 72%
Magic:  9/9        EV: 19    Int: 12    God:
Gold:   253        SH:  0    Dex: 19    Spells: 5/8 levels left

rFire    . . .     SeeInvis +   r - +2 dagger (flame)
rCold    . . .     Faith    .   (shield restricted)
rNeg     + . .     Spirit   .   t - +2 robe {rN+}
rPois    .         Reflect  .   (helmet restricted)
rElec    .         Harm     .   c - +0 cloak
rCorr    .         Rampage  .   (gloves unavailable)
Will     +....                  (boots unavailable)
Stlth    +++++.....             (no amulet)
HPRegen  0.12/turn              (no ring)
MPRegen  0.11/turn              (no ring)

@: very quick
A: very small, no large weapons, unfitting armour, see invisible, speed 3
a: no special abilities


You were on level 5 of the Dungeon.
You visited 2 branches of the dungeon, and saw 6 of its levels.

You collected 253 gold pieces.

Inventory:

Hand Weapons
 a - a +2 dagger
 k - a +0 hunting sling of freezing
 r - a +2 dagger of flaming (weapon)
 y - a +1 dagger of protection
Missiles
 e - 2 curare-tipped darts
 i - 50 stones
 l - 4 poisoned darts (quivered)
 s - 56 sling bullets
Armour
 c - a +0 cloak (worn)
 t - a +2 robe of positive energy (worn)
Wands
 w - a wand of flame (14)
Scrolls
 b - a scroll of immolation
 f - 2 scrolls of magic mapping {unknown}
 g - 2 scrolls of teleportation
 o - 2 scrolls of fear
 A - a scroll of amnesia {unknown}
 B - a scroll of enchant weapon {unknown}
Potions
 h - a potion of mutation {unknown}
 m - a potion of invisibility
 n - 2 potions of brilliance
 q - 2 potions of curing
 u - a potion of lignification {unknown}
 x - a potion of attraction {unknown}
 z - a potion of flight {unknown}


   Skills:
 * Level 3.1 Fighting
 + Level 4.0 Short Blades
 + Level 3.5 Throwing
 * Level 4.2 Dodging
 * Level 10.2 Stealth
 * Level 1.0 Spellcasting
 * Level 0.5 Summonings
 * Level 2.3 Evocations


You had 5 spell levels left.
You knew the following spells:

 Your Spells              Type           Power      Damage    Failure   Level
a - Call Canine Familiar  Summ           2%         N/A       56%         3

Your spell library contained the following spells:

 Spells                   Type           Power      Damage    Failure   Level
 Sandblast                Erth           0%         2d4       30%         1
 Passwall                 Tmut/Erth      0%         N/A       41%         2
 Portal Projectile        Hex/Tloc       0%         N/A       65%         3
 Leda's Liquefaction      Hex/Erth       0%         N/A       96%         4
 Lee's Rapid Deconstruct  Erth           0%         3d5*      100%        5


Dungeon Overview and Level Annotations

Branches:
Dungeon (5/15)             Temple (1/1) D:4

Altars:
Ashenzari
Cheibriados
Dithmenos
Elyvilon
Fedhas
Hepliaklqana
Kikubaaqudgha
Nemelex Xobeh
Okawaru
Ru
Uskayaw
Vehumet
Wu Jian
Xom
Zin
The Shining One

Shops:
D:3 [[[*[


Innate Abilities, Weirdness & Mutations

You are very small and have problems with some larger weapons.
You are too small for most types of armour.
You have supernaturally acute eyesight. (SInv)
You cover ground extremely quickly. (Speed+++)


Message History

You throw a poisoned dart. The poisoned dart hits the orc priest!
The orc priest looks as sick as possible!
The orc priest is heavily wounded.
The orc priest looks encouraged for a moment.
The orc wizard gestures wildly while chanting.
The orc wizard flickers and vanishes for a moment.
Throw: 7 darts (poison)
Press: ? - help, Q - select action, (/) - cycle Shift-Dir - straight line, f/p - ogre
Aim: an ogre, wielding a +0 giant club (moderately wounded, 77% to hit)
You throw a poisoned dart. The poisoned dart hits the ogre!
The ogre is poisoned.
The ogre is moderately wounded.
Throw: 6 darts (poison)
Press: ? - help, Q - select action, (/) - cycle Shift-Dir - straight line, f/p - ogre
Aim: an ogre, wielding a +0 giant club (moderately wounded, very poisoned, 77% to hit)
You throw a poisoned dart. The poisoned dart hits the ogre.
The ogre looks even sicker.
The ogre is moderately wounded.
You kill the orc priest!
Your Short Blades skill increases to level 4!
You hit the ogre. You burn the ogre.
The ogre is heavily wounded.
You hit the ogre. You burn the ogre.
The ogre is heavily wounded.
The ogre barely misses you.
You closely miss the ogre.
The ogre is heavily wounded.
The ogre hits you with a +0 giant club!
Items here: )) [ ††.
Throw: 5 darts (poison)
Press: ? - help, Q - select action, (/) - cycle Shift-Dir - straight line, f/p - ogre
Aim: an ogre, wielding a +0 giant club (severely wounded, very poisoned, 77% to hit)
You throw a poisoned dart. The poisoned dart hits the ogre.
The ogre looks even sicker.
The ogre is severely wounded.
You hit the ogre. You burn the ogre.
The ogre is severely wounded.
The ogre hits you with a +0 giant club!!
Ouch! That really hurt!
You die...

###.. ......
......... ###....#
...### ####
#.....# #.. ..#...
.....# #.## ...#
o....# #..###.##
(....### #..(..O.#
o.#....###..####@#
(##.##.##..>#
#....#
.##.##.##)#.#
####.#
#.(((.()o.#.# #
....##((###.#
#..####.# #.# ..##
#..##.##### .##
##.##.....# #
.##.....###


You could see an ogre (very poisoned).

Vanquished Creatures
  Sigmund (D:3)
  An orc warrior (D:4)
  A necrophage (D:4)
  A water moccasin zombie (D:5)
  A howler monkey (D:4)
  A hound (D:4)
  2 orc priests
  Jessica (D:2)
  Natasha (thrice) (D:3)
  Terence (D:2)
  2 orc wizards
  Robin (D:2)
  7 adders
  2 worms (D:3)
  2 dart slugs (D:1)
  11 orcs
  5 ball pythons
  5 bats (D:1)
  4 endoplasms
  3 giant cockroaches (D:1)
  10 goblins
  7 hobgoblins
  5 jackals
  4 kobolds
  2 quokkas
  4 frilled lizards
  3 rats
90 creatures vanquished.

Vanquished Creatures (others)
  A plant (D:3)
1 creature vanquished.

Grand Total: 91 creatures vanquished

Notes
Turn   | Place    | Note
-------+----------+-------------------------------------------
     0 | D:1      | styxcanada the Spriggan Brigand began the quest for the
                  | Orb.
     0 | D:1      | Reached XP level 1. HP: 10/10 MP: 2/2
    53 | D:1      | Reached skill level 6 in Stealth
   188 | D:1      | Reached XP level 2. HP: 15/15 MP: 3/3
   830 | D:1      | Reached XP level 3. HP: 15/18 MP: 4/4
   995 | D:2      | Found a faded altar of an unknown god.
  1265 | D:2      | Noticed Terence
  1426 | D:2      | Killed Terence
  1427 | D:2      | Reached skill level 7 in Stealth
  1663 | D:2      | Reached XP level 4. HP: 9/23 MP: 5/5
  1952 | D:2      | Noticed Jessica
  1963 | D:2      | Killed Jessica
  2182 | D:2      | Noticed Robin
  2268 | D:2      | Killed Robin
  2411 | D:2      | Reached skill level 8 in Stealth
  2487 | D:2      | Reached XP level 5. HP: 23/26 MP: 6/6
  2813 | D:3      | Noticed Sigmund
  2815 | D:3      | Killed Sigmund
  2816 | D:3      | Reached XP level 6. HP: 32/32 MP: 7/7
  2906 | D:3      | Found Vivut Uptuj's Armour Boutique.
  3018 | D:3      | Found a blossoming altar of Fedhas.
  3061 | D:3      | Noticed Natasha
  3067 | D:3      | Killed Natasha
  3068 | D:3      | Reached skill level 9 in Stealth
  3074 | D:3      | Noticed Natasha
  3083 | D:3      | Killed Natasha
  3110 | D:3      | Noticed Natasha
  3134 | D:3      | Killed Natasha
  3702 | D:3      | Found Nyklinin's Antique Armour Shoppe.
  3736 | D:3      | Found Mocw's Antique Armour Shoppe.
  3751 | D:3      | Found Tasiheutt's Assorted Antiques.
  3998 | D:3      | Found Jicest's Antique Armour Shoppe.
  4313 | D:4      | Found a shadowy altar of Dithmenos.
  4406 | D:4      | Found a staircase to the Ecumenical Temple.
  4413 | Temple   | Entered the Ecumenical Temple
  4450 | D:4      | Reached skill level 1 in Evocations
  4450 | D:4      | Reached XP level 7. HP: 35/35 MP: 8/8
  4553 | D:4      | Reached skill level 10 in Stealth
  4680 | D:4      | Learned a level 3 spell: Call Canine Familiar
  4749 | D:4      | Found a hazy altar of Hepliaklqana.
  5015 | D:4      | Found a sacrificial altar of Ru.
  5060 | D:5      | Entered Level 5 of the Dungeon
  5288 | D:5      | Reached skill level 1 in Spellcasting
  5336 | D:5      | Slain by an ogre

Illustrated notes

Levels and vault maps discovered:
D:1:      tarquinn_simple_flora_water_e, layout_loops_cross
D:2:      minmay_wonky_spiral, layout_basic, shapermc_ecumenical_altar_pompeii,
          uniq_terence, uniq_jessica, uniq_robin
D:3:      layout_basic, marbit_many_paths, serial_shops, shop,
          nicolae_shop_overgrown_old_shop, nicolae_square_shop,
          nicolae_lakefront_shop, nicolae_shop_stone, uniq_natasha, uniq_sigmund
D:4:      layout_cave_pools, amcnicky_altar_gilded,
          mainiacjoe_overflow_alcove_1, nzn_hepliaklqana_mist_gate,
          minmay_temple_entry_mini_moons, chequers_serial_rivers_micro_b
D:5:      layout_rooms, kennysheep_flooded_box, serial_bayou_pond_b,
          hangedman_glass_teeth, minivault_23, hangedman_decor_riveting
Temple:   nicolae_temple_no_exploring_needed

Skill      XL: |  1  2  3  4  5  6  7 |
---------------+----------------------+-----
Stealth        | 6 7 8 9 10 | 10.2
Fighting       | 2 3 |  3.1
Dodging        | 2 3 4 |  4.2
Short Blades   | 3 4 |  4.0
Throwing       | 3 |  3.5
Evocations     | 1 2 |  2.3
Spellcasting   | 1 |  1.0
Summonings     | |  0.5

Action                   |  1- 3 |  4- 6 |  7- 9 || total
-------------------------+-------+-------+-------++-------
Melee: Dagger            |    85 |   112 |    52 ||   249
Throw: Dart              |    15 |    30 |    29 ||    74
       Stone             |     2 |       |     1 ||     3
Evoke: Wand              |       |     5 |       ||     5
  Use: Scroll            |       |       |    12 ||    12
 Stab: Sleeping          |    13 |    15 |     4 ||    32
       Distracted        |     1 |       |     1 ||     2
Armor: Robe              |     8 |    11 |     2 ||    21
Dodge: Dodged            |    59 |    64 |    29 ||   152
